 Dungeon Crawl Stone Soup version 0.21-a0-591-g2314aa1 (webtiles) character file.

156 rabbitfr the Insei (level 5, -10/35 HPs)
             Began as an Octopode Transmuter on Dec 22, 2017.
             Mangled by an ice beast (12 damage)
             ... on level 3 of the Dungeon.
             The game lasted 00:09:13 (3062 turns).

rabbitfr the Insei (Octopode Transmuter)            Turns: 3062, Time: 00:09:15

Health: -10/35     AC:  1    Str:  9    XL:     5   Next: 37%
Magic:  8/8        EV: 13    Int: 16    God:
Gold:   184        SH:  0    Dex: 13    Spells: 2/8 levels left

rFire    . . .     SeeInvis .     - Unarmed
rCold    . . .     Gourm    .   (no shield)
rNeg     . . .     Faith    .   (helmet restricted)
rPois    .         Spirit   .   (no amulet)
rElec    .         Reflect  .   (no ring)
rCorr    .         Harm     .   (no ring)
MR       .....                  (no ring)
Stlth    ++........             (no ring)
HPRegen  0.11/turn              (no ring)
MPRegen  0.11/turn              (no ring)
                                (no ring)
                                (no ring)

@: no status effects
A: almost no armour, stealthy swim, amphibious, 8 rings, constrict 8, camouflage
1, gelatinous body 1
a: no special abilities


You were on level 3 of the Dungeon.
You were not hungry.

You visited 1 branch of the dungeon, and saw 3 of its levels.

You collected 184 gold pieces.

Inventory:

Missiles
 a - 11 arrows
 d - 99 stones
 f - 5 javelins (quivered)
Wands
 o - a wand of polymorph (14)
Scrolls
 g - a scroll of blinking {unknown}
 h - 2 scrolls of identify {unknown}
 m - a scroll of enchant armour {unknown}
 p - 2 scrolls of amnesia {unknown}
 q - a scroll of remove curse {unknown}
 r - a scroll of teleportation {unknown}
 s - a scroll of magic mapping {unknown}
Potions
 e - a potion of heal wounds {unknown}
 i - a potion of berserk rage {unknown}
 j - 3 potions of curing {unknown}
 k - a potion of haste {unknown}
 l - a potion of magic {unknown}
 n - a potion of resistance {unknown}
Books
 b - a book of Changes

   Spells                             Type                      Level
   a - Beastly Appendage              Transmutation                1
   b - Sticks to Snakes               Transmutation                2
   c - Spider Form                    Transmutation/Poison         3
   d - Ice Form                       Ice/Transmutation            4
   e - Blade Hands                    Transmutation                5
Comestibles
 c - 4 rations


   Skills:
 + Level 2.6 Fighting
 - Level 2.0 Dodging
 * Level 4.8 Unarmed Combat
 + Level 2.0 Spellcasting
 + Level 2.8 Transmutations


You had 2 spell levels left.
You knew the following spells:

 Your Spells              Type           Power        Failure   Level  Hunger
a - Beastly Appendage     Tmut           ##....       6%          1    #......
b - Sticks to Snakes      Tmut           ##......     10%         2    ###....
c - Spider Form           Tmut/Pois      #.........   34%         3    ###....


Dungeon Overview and Level Annotations

Branches:
Dungeon (3/15)

Altars:
Dithmenos
Elyvilon
Makhleb
Uskayaw


Innate Abilities, Weirdness & Mutations

You cannot wear most types of armour.
You are very stealthy in the water. (Stealth+)
You are amphibious.
You can wear up to eight rings at the same time.
You can use your tentacles to constrict eight enemies at once.
Your skin changes colour to match your surroundings (Stealth+).
Your rubbery body absorbs attacks. (AC +1, EV +1)


Message History

The ice beast hits you. The ice beast freezes you.
You tentacle-slap the ice beast.
The ice beast is lightly wounded.
The ice beast hits you. The ice beast freezes you!
You barely miss the ice beast.
The ice beast is lightly wounded.
The ice beast closely misses you.
You tentacle-slap the ice beast but do no damage.
Your squeeze misses the ice beast.
The ice beast is lightly wounded.
The ice beast hits you. The ice beast freezes you!
* * * LOW HITPOINT WARNING * * *
Aiming: Polymorph
Press: ? - help, Shift-Dir - straight line, f - ice beast
Aim: an ice beast (chance to defeat MR: 46%)
The ice beast resists with some effort.
The ice beast barely misses you. The ice beast hits you.
* * * LOW HITPOINT WARNING * * *
The ice beast freezes you!
You die...

. ♣ ♣ ♣♣♣♣♣♣###
#.#....+..#### ###########
#.##.........####...........
.......♣♣♣♣♣..<.............#
###..<.♣♣♣♣♣...##..........?#
###............##.........(.#
.......♣PP♣♣....@...........#
###....♣♣♣♣♣#####Y..........#
...........># #...........#
#.#.####....# #...........#
#.#.........# #...........#
#.#######...# #...........#
#.# #...# #..........)# #.#
#...# ######+.##### #.# #####
...#


You could see an ice beast.

Vanquished Creatures
  Crazy Yiuf (D:2)
  Jessica (D:2)
  Ijyb (D:3)
  An adder (D:3)
  An ooze (D:3)
  3 worms
  3 dart slugs
  8 bats
  A giant cockroach (D:1)
  2 goblins (D:1)
  4 hobgoblins
  3 jackals (D:1)
  A ball python (D:2)
  4 frilled lizards
  10 kobolds
  8 rats
52 creatures vanquished.

Vanquished Creatures (collateral kills)
  A hobgoblin (D:1)
1 creature vanquished.

Grand Total: 53 creatures vanquished

Notes
Turn   | Place    | Note
-------+----------+-------------------------------------------
     0 | D:1      | rabbitfr the Octopode Transmuter began the quest for the Orb.
     0 | D:1      | Reached XP level 1. HP: 13/13 MP: 3/3
   286 | D:1      | Reached XP level 2. HP: 15/18 MP: 5/5
   290 | D:1      | Learned a level 2 spell: Sticks to Snakes
   635 | D:1      | Reached XP level 3. HP: 24/24 MP: 6/6
  1097 | D:2      | Found a runed door.
  1220 | D:2      | Reached skill level 4 in Unarmed Combat
  1431 | D:2      | Noticed Jessica
  1449 | D:2      | Killed Jessica
  1449 | D:2      | Reached XP level 4. HP: 23/29 MP: 7/7
  1883 | D:2      | Found a shadowy altar of Dithmenos.
  1884 | D:2      | Found a white marble altar of Elyvilon.
  1884 | D:2      | Found a burning altar of Makhleb.
  2026 | D:2      | Noticed Crazy Yiuf
  2037 | D:2      | Killed Crazy Yiuf
  2265 | D:3      | Reached XP level 5. HP: 28/35 MP: 8/8
  2334 | D:3      | Noticed Ijyb
  2351 | D:3      | Killed Ijyb
  2648 | D:3      | Learned a level 3 spell: Spider Form
  2857 | D:3      | Found a hide-covered altar of Uskayaw.
  3047 | D:3      | Noticed an ice beast
  3062 | D:3      | Mangled by an ice beast

Vault maps used:
D:1:      minmay_arrival_four_circles
D:2:      minitemple, uniq_crazy_yiuf_cottage, uniq_jessica
D:3:      lemuel_doored_altar, serial_forest, infiniplex_forest_lined_1,
          infiniplex_forest_straight_4, infiniplex_forest_pool,
          infiniplex_forest_zigzag_1, infiniplex_forest_straight_5,
          infiniplex_forest_corner_2, infiniplex_forest_end_2, uniq_ijyb

Skill      XL: |  1  2  3 |
---------------+----------+-----
Unarmed Combat | 4 |  4.8
Fighting       | 2 |  2.6
Dodging        | |  2.0
Spellcasting   | |  2.0
Transmutations | |  2.8

Action                   |  1- 3 |  4- 6 || total
-------------------------+-------+-------++-------
Melee: Unarmed           |    72 |    45 ||   117
       Constrict         |    23 |     6 ||    29
       Tentacles         |    12 |     5 ||    17
       Punch             |     4 |       ||     4
Throw: Stone             |    12 |     4 ||    16
       Javelin           |     8 |    24 ||    32
 Cast: Sticks to Snakes  |     1 |       ||     1
       Beastly Appendage |       |     1 ||     1
Evoke: Wand              |       |     1 ||     1
 Stab: Sleeping          |     6 |     1 ||     7
  Eat: Chunk             |     1 |     6 ||     7
Armor: Skin              |    11 |     4 ||    15
Dodge: Dodged            |    51 |    29 ||    80

Table legend:
 A = Spawn XP
 B = Non-spawn XP
 C = Spawn XP percentage of total XP
 D = Spawn monster count
 E = Non-spawn monster count
 F = Spawn count percentage of total count
 G = Total turns spent on level
                    A         B        C        D         E        F      G
               +---------+---------+-------+---------+---------+-------+---------
         Total |       0 |     223 |   0.0 |       0 |      53 |   0.0 |  3062
               +---------+---------+-------+---------+---------+-------+---------
           D:1 |       0 |      46 |   0.0 |       0 |      27 |   0.0 |  1016
           D:2 |       0 |     106 |   0.0 |       0 |      15 |   0.0 |  1176
           D:3 |       0 |      71 |   0.0 |       0 |      11 |   0.0 |   870
               +---------+---------+-------+---------+---------+-------+---------
